 Dungeon Crawl Stone Soup version 0.28.0-47-ge53b351184 (webtiles) character file.

Game seed: 377947154201539056

8 CryoSword the Skirmisher (level 2, 22/24 HPs)
             Began as a Demonspawn Monk on May 6, 2022.
             Quit the game on level 1 of the Dungeon.
             The game lasted 00:00:36 (648 turns).

CryoSword the Skirmisher (Demonspawn Monk)           Turns: 648, Time: 00:00:37

Health: 22/24      AC:  2    Str: 11    XL:     2   Next: 0%
Magic:  2/2        EV: 12    Int: 11    God:
Gold:   0          SH:  0    Dex: 15    Spells: 1/1 levels left

rFire   . . .      SeeInvis .   a - +0 hand axe
rCold   . . .      Faith    .   (no shield)
rNeg    . . .      Spirit   .   b - +0 robe
rPois   .          Reflect  .   (no helmet)
rElec   .          Harm     .   (no cloak)
rCorr   .          Rampage  .   (no gloves)
Will    .....                   (no boots)
Stlth   ++........              (no amulet)
HPRegen 0.08/turn               (no ring)
MPRegen 0.08/turn               (no ring)

@: no status effects
A: demonic touch 1
a: no special abilities


You were on level 1 of the Dungeon.
You visited 1 branch of the dungeon, and saw 1 of its levels.

Inventory:

Hand Weapons
 a - a +0 hand axe (weapon)
Armour
 b - a +0 robe (worn)
Scrolls
 c - a scroll of immolation {unknown}
Potions
 d - a potion of curing {unknown}


   Skills:
 + Level 3.5 Fighting
 - Level 2.6 Axes
 - Level 2.6 Dodging
 - Level 1.7 Stealth


You had one spell level left.
You didn't know any spells.
Your spell library contained the following spells:

 Spells                   Type           Power      Damage    Failure   Level
 Tukima's Dance           Hex            0%         N/A       71%         3
 Anguish                  Hex/Necr       0%         N/A       98%         4
 Enfeeble                 Hex            0%         N/A       100%        7


Dungeon Overview and Level Annotations

Branches:
Dungeon (1/15)

Altars:


Innate Abilities, Weirdness & Mutations

Your touch may inflict minor irresistible damage on your foes.


Message History

Welcome, CryoSword the Demonspawn Monk.
It is said that the Orb of Zot exists deep within this dungeon.
Found a book of Maledictions.
Found a staircase leading out of the dungeon.
You pick up a book of Maledictions and begin reading...
You add the spells Tukima's Dance, Anguish and Enfeeble to your library.
Could not explore, unopened door.
Could not explore, unopened door.
Unknown command.
Unknown command.
You open the door.
There is an open door here.
Found a stone staircase leading down.
There is a stone staircase leading down here.
A quokka comes into view.
A quokka is nearby!
A ball python comes into view.
The ball python closely misses you. The ball python grabs you.
The ball python constricts you.
The ball python bites you but does no damage.
The ball python constricts you.
You barely miss the ball python. You hit the quokka but do no damage.
The quokka bites you.
The ball python bites you but does no damage.
The ball python constricts you.
You hit the ball python. You barely miss the quokka.
The quokka bites you but does no damage.
The ball python bites you but does no damage.
The ball python constricts you. The quokka barely misses you.
The ball python bites you but does no damage.
The ball python constricts you.
You are too injured to fight recklessly!
You are too injured to fight recklessly!
You are too injured to fight recklessly!
You hit the ball python.
You kill the ball python!
You barely miss the quokka. The quokka barely misses you.
You hit the quokka. You punch the quokka, but do no damage.
The quokka bites you.
You hit the quokka.
You kill the quokka!
You start resting.
A kobold comes into view. It is wielding a +0 short sword.
Found a scroll labelled YFOWAS TUOPHO.
A kobold is nearby!
A kobold is nearby!
A kobold is nearby!
The kobold shouts!
The kobold hits you with a +0 short sword.
You see here a scroll labelled YFOWAS TUOPHO.
You hit the kobold. The kobold closely misses you.
The kobold barely misses you.
You barely miss the kobold.
The kobold hits you with a +0 short sword.
You are too injured to fight recklessly!
You are too injured to fight recklessly!
You are too injured to fight recklessly!
You hit the kobold.
You kill the kobold!
You see here a +0 short sword.
c - a scroll labelled YFOWAS TUOPHO You start resting.
You see here a +0 short sword.
Could not explore, unopened door.
Could not explore, unopened door.
You open the door.
There is an open door here.
Could not explore, unopened door.
Could not explore, unopened door.
You open the door.
Found a golden potion.
There is an open door here.
d - a golden potion A kobold comes into view.
It is wielding a +0 dagger.
A kobold is nearby!
A kobold is nearby!
A kobold is nearby!
An endoplasm comes into view.
Found a faded altar of an unknown god.
A frilled lizard comes into view.
The endoplasm quivers.
The kobold shouts!
The frilled lizard hisses angrily.
The kobold hits you with a +0 dagger.
You hit the kobold but do no damage. The kobold misses you.
You hit the kobold. The kobold closely misses you.
You hit the kobold.
You kill the kobold!
You barely miss the endoplasm.
The endoplasm hits you but does no damage.
You barely miss the endoplasm. The endoplasm freezes you.
You are frozen.
The frilled lizard barely misses you.
You hit the endoplasm. You closely miss the frilled lizard.
A bat comes into view.
The endoplasm splashes around in the water.
The frilled lizard bites you.
You hit the endoplasm but do no damage. You hit the frilled lizard.
You kill the frilled lizard!
The endoplasm freezes you.
You are frozen.
* * * LOW HITPOINT WARNING * * *
The endoplasm hits you.
* * * LOW HITPOINT WARNING * * *
The bat barely misses you. The bat misses you. The bat closely misses you.
You hit the bat. The bat hits you.
* * * LOW HITPOINT WARNING * * *
The bat barely misses you. The bat misses you.
You closely miss the bat. The bat closely misses you.
The bat hits you but does no damage.
You miss the bat. The bat hits you but does no damage.
You slash the bat!
You kill the bat!
The endoplasm freezes you.
You are frozen.
* * * LOW HITPOINT WARNING * * *
You hit the endoplasm. The endoplasm closely misses you.
You hit the endoplasm.
You kill the endoplasm!
You start resting.
Things that are here:
a +0 dagger; a kobold skeleton A rat comes into view.
A rat is nearby!
A rat is nearby!
A rat is nearby!
The rat bites you.
You hit the rat.
You kill the rat!
You have reached level 2!
Your demonic ancestry asserts itself...
Your hands begin to faintly glow with unholy energy.
Unknown command.
Unknown command.
Unknown command.
Unknown command.

.#.....#.....####
#≈.....≈..#.....#
.≈≈...≈)≈#......#
.≈.≈≈≈.≈..#.....#
≈≈≈≈≈.≈...#.....#
..≈_.≈....#.....#
≈≈≈≈≈.≈...#.+####
.≈.≈≈≈.≈..#..#
.≈≈...≈.≈#@..#
#≈.....≈..####
#.....#.# ## #.#
..# ... ###


There were no monsters in sight!

Vanquished Creatures
  A bat (D:1)
  An endoplasm (D:1)
  A quokka (D:1)
  A ball python (D:1)
  A frilled lizard (D:1)
  2 kobolds (D:1)
  A rat (D:1)
8 creatures vanquished.

Notes
Turn   | Place    | Note
-------+----------+-------------------------------------------
     0 | D:1      | CryoSword the Demonspawn Monk began the quest for the Orb.
     0 | D:1      | Reached XP level 1. HP: 18/18 MP: 1/1
   369 | D:1      | Found a faded altar of an unknown god.
   648 | D:1      | Gained mutation: Your touch may inflict minor irresistible
                  | damage on your foes. [demonic ancestry]
   648 | D:1      | Reached XP level 2. HP: 22/24 MP: 2/2
   648 | D:1      | Quit the game

Illustrated notes

Levels and vault maps discovered:
D:1:      minmay_arrival_four_loops, layout_basic,
          shapermc_ecumenical_altar_starsandcircs, serial_shops,
          nicolae_shop_behind_doors, nicolae_concentric_dashed_squares_mild

Action                   || total
-------------------------++-------
Melee: Hand axe          ||    21
       Punch             ||     1
Armor: Robe              ||     8
Dodge: Dodged            ||    15
